 Dungeon Crawl Stone Soup version 0.30.0-29-ga12c61a403 (webtiles) character file.

Game seed: 6577228920071648213

2179 safid the Frost Mage (level 9, -14/71 HPs)
             Began as a Merfolk Ice Elementalist on June 14, 2023.
             Was a Believer of Vehumet.
             Demolished by a sun demon (15 damage)
             ... summoned by a kobold demonologist
             ... on level 7 of the Dungeon.
             The game lasted 00:08:40 (5902 turns).

safid the Frost Mage (Merfolk Ice Elementalist)     Turns: 5902, Time: 00:08:40

Health: -14/71     AC:  4    Str:  8    XL:     9   Next: 33%
Magic:  11/18      EV: 18    Int: 24    God:    Vehumet [**....]
Gold:   319        SH:  5    Dex: 15    Spells: 13/20 levels left

rFire   . . .        g - +0 long sword
rCold   . . .        e - +0 buckler
rNeg    . . .        a - +0 robe
rPois   .            (no helmet)
rElec   .            y - +0 cloak
rCorr   .            (no gloves)
SInv    .            n - +0 pair of boots
Will    .....        (no amulet)
Stlth   ++           h - +5 ring of evasion
HPRegen 0.31/turn    l - +6 ring of intelligence
MPRegen 0.16/turn

%: no passive effects
@: freezing walls
A: (nimble swimmer 2), mertail
a: Renounce Religion


You were on level 7 of the Dungeon.
You worshipped Vehumet.
Vehumet was pleased with you.
You visited 2 branches of the dungeon, and saw 8 of its levels.

You collected 319 gold pieces.

Inventory:

Hand Weapons
 g - a +0 long sword (weapon)
Armour
 a - a +0 robe (worn)
 e - a +0 buckler (worn)
 n - a +0 pair of boots (worn)
 y - a +0 cloak (worn)
Jewellery
 h - a +5 ring of evasion (left hand)
 l - a +6 ring of intelligence (right hand)
 t - a ring of ice
 u - a ring of wizardry
Wands
 v - a wand of iceblast (19)
Scrolls
 d - 4 scrolls of blinking
 o - a scroll of teleportation
 p - a scroll of amnesia {unknown}
 r - 5 scrolls of enchant armour
 s - a scroll of brand weapon {unknown}
 w - a scroll of immolation {unknown}
 x - a scroll of poison {unknown}
Potions
 b - 4 potions of magic
 c - a potion of berserk rage {unknown}
 f - 2 potions of haste {unknown}
 i - 3 potions of degeneration {unknown}
 j - 4 potions of heal wounds {unknown}
 k - a potion of cancellation {unknown}
 m - a potion of ambrosia {unknown}
 q - 3 potions of curing


   Skills:
 + Level 6.7 Fighting
 - Level 4.0 Dodging
 - Level 2.1 Stealth
 - Level 4.0 Shields
 + Level 6.1 Spellcasting
 + Level 8.3 Ice Magic


You had 13 spell levels left.
You knew the following spells:

 Your Spells              Type           Power      Damage    Failure   Level
a - Freeze                Ice            100%       1d10      1%          1
b - Frozen Ramparts       Ice            94%        1d15      1%          3
c - Ozocubu's Armour      Ice            47%        N/A       1%          3

Your spell library contained the following spells:

 Spells                   Type           Power      Damage    Failure   Level
 Poisonous Vapours        Pois/Air       14%        N/A       19%         2
 Summon Ice Beast         Ice/Summ       27%        N/A       22%         4
 Fireball                 Conj/Fire      3%         3d4       97%         5
 Iskenderun's Battlesphe  Conj           7%         2d6       97%         5
 Conjure Ball Lightning   Conj/Air       3%         3x3d6     100%        6
 Orb of Destruction       Conj           3%         9d5       100%        7


Dungeon Overview and Level Annotations

Branches:
Dungeon (7/15)             Temple (1/1) D:4

Altars:
Ashenzari
Cheibriados
Dithmenos
Elyvilon
Fedhas
Gozag
Hepliaklqana
Kikubaaqudgha
Makhleb
Okawaru
Qazlal
Sif Muna
Trog
Uskayaw
Vehumet
Wu Jian
Xom
Yredelemnul
Zin

Annotations:
D:3 2 transporters, Menkaure
D:4 Grinder
D:6 1 runed translucent door, Crazy Yiuf


Innate Abilities, Weirdness & Mutations

((You are very nimble when in or above water. (Stealth+, EV+, Speed+++)))
Your lower body shifts to a powerful aquatic tail in water.


Message History

You kill the ufetubus!
The ufetubus disappears in a puff of smoke!
The wall freezes the ufetubus but does no damage.
The wall freezes the kobold demonologist.
The kobold demonologist closely misses you.
The sun demon is frozen!
The wall freezes the sun demon!
The sun demon misses you.
The ufetubus resists.
The wall freezes the ufetubus.
The ynoxinul resists.
The wall freezes the ynoxinul.
The ynoxinul gestures.
The ufetubus resists.
The wall freezes the ufetubus.
Casting: Freeze (safe; 1% risk of failure)
Confirm with . or Enter, or press ? or * to list all spells.
Aiming: Freeze (safe; 1% risk of failure)
Press: ? - help, Shift-Dir - straight line, f - shadow imp
Aim: a shadow imp (grey smoke, summoned)
You freeze the shadow imp but do no damage.
The shadow imp completely resists.
The ufetubus resists.
The wall freezes the ufetubus.
The shadow imp resists.
The wall freezes the shadow imp.
The shadow imp misses you.
The wall freezes the sun demon.
The sun demon hits you!
* * * LOW HITPOINT WARNING * * *
You are engulfed in flames!
* * * LOW HITPOINT WARNING * * *
The wall freezes the kobold demonologist.
The kobold demonologist casts a cantrip, but nothing happens.
The wall freezes the ynoxinul but does no damage.
Casting: Freeze (safe; 1% risk of failure)
Confirm with . or Enter, or press ? or * to list all spells.
Aiming: Freeze (safe; 1% risk of failure)
Press: ? - help, Shift-Dir - straight line, f/p - shadow imp
Aim: a shadow imp (lightly wounded, summoned)
You freeze the shadow imp.
The shadow imp resists.
The shadow imp is moderately wounded.
The wall freezes the ufetubus but does no damage.
The ufetubus resists.
The wall freezes the ufetubus.
You kill the ufetubus!
The ufetubus disappears in a puff of smoke!
The ufetubus resists.
The wall freezes the ufetubus.
The sun demon is frozen!
The wall freezes the sun demon!
The sun demon hits you!
You die...

...<.......######.#.#.
...
.........................
........##.###.###.###.#
........#...............
..........##.###.###.##
........#.#......†....#
#.......#...##.###.##...#
........#.#.#.......# .#
..........#...##@##...#
.#.#.#.#K35#.#.#
...#.5355..#...
.#.#.#.5.#.#.#.#
#...##.##...#... #.#
.....#.#.## ... ###.##...
.# ....#.


You could see a sun demon (summoned), a kobold demonologist, a ynoxinul
(summoned), a shadow imp (summoned) and 4 ufetubi.

Vanquished Creatures
  Prince Ribbit (D:6)
  A wyvern (D:7)
  A steam dragon (D:5)
  A sky beast (D:4)
  2 ice beasts
  An ogre (D:6)
  2 centaurs
  3 bullfrogs
  3 killer bees (D:7)
  A howler monkey (D:5)
  5 jellies
  A gnoll bouda (D:7)
  5 hounds
  An orc priest (D:3)
  3 iguanas
  2 sleepcaps (D:6)
  4 orc wizards
  4 gnolls
  9 adders
  A shadow imp (D:6)
  A white imp (D:6)
  An ufetubus (D:6)
  3 dart slugs
  19 orcs
  5 endoplasms
  4 giant cockroaches
  3 goblins
  7 hobgoblins
  15 jackals
  6 quokkas
  4 ball pythons
  7 bats
  2 frilled lizards (D:1)
  7 kobolds
  2 rats
137 creatures vanquished.

Vanquished Creatures (others)
  A goblin (D:6)
1 creature vanquished.

Grand Total: 138 creatures vanquished

Notes
Turn   | Place    | Note
-------+----------+-------------------------------------------
     0 | D:1      | safid the Merfolk Ice Elementalist began the quest for the
                  | Orb.
     0 | D:1      | Reached XP level 1. HP: 13/13 MP: 3/3
    91 | D:1      | Reached XP level 2. HP: 5/20 MP: 0/5
   204 | D:1      | Reached skill level 1 in Fighting
   317 | D:1      | Reached XP level 3. HP: 26/26 MP: 6/6
   697 | D:1      | Learned a level 3 spell: Frozen Ramparts
   912 | D:2      | You fall into a shaft and drop 1 floor!
  1003 | D:3      | Reached skill level 1 in Shields
  1003 | D:3      | Reached XP level 4. HP: 14/32 MP: 0/7
  1164 | D:3      | Found a transporter.
  1167 | D:3      | Found an ancient bone altar of Kikubaaqudgha.
  1169 | D:3      | Noticed Menkaure
  1174 | D:3      | Found a transporter.
  1386 | D:3      | Reached skill level 5 in Ice Magic
  1448 | D:3      | Reached XP level 5. HP: 32/38 MP: 6/9
  1512 | D:3      | Found a basalt altar of Yredelemnul.
  1739 | D:4      | Learned a level 3 spell: Ozocubu's Armour
  1757 | D:4      | Found a staircase to the Ecumenical Temple.
  1776 | Temple   | Entered the Ecumenical Temple
  1827 | Temple   | Became a worshipper of Vehumet
  2047 | D:4      | Reached XP level 6. HP: 15/46 MP: 3/10
  2493 | D:4      | Noticed a sky beast
  2505 | D:4      | Killed a sky beast
  2639 | D:4      | Reached XP level 7. HP: 48/52 MP: 8/12
  2884 | D:4      | Noticed Grinder
  3229 | D:5      | Entered Level 5 of the Dungeon
  3404 | D:5      | Reached skill level 6 in Ice Magic
  3763 | D:5      | Noticed a steam dragon
  3910 | D:5      | Reached * piety under Vehumet
  3910 | D:5      | Offered knowledge of Kiss of Death by Vehumet.
  3913 | D:5      | Killed a steam dragon
  3914 | D:5      | Reached XP level 8. HP: 27/61 MP: 5/14
  4325 | D:6      | Found a shimmering altar of Xom.
  4375 | D:6      | Noticed Prince Ribbit
  4385 | D:6      | Killed Prince Ribbit
  4386 | D:6      | Reached skill level 5 in Fighting
  4480 | D:6      | Reached skill level 7 in Ice Magic
  4819 | D:6      | Reached skill level 5 in Spellcasting
  5537 | D:6      | Found a runed translucent door.
  5538 | D:6      | Noticed Crazy Yiuf
  5596 | D:7      | Found a shadowy altar of Dithmenos.
  5707 | D:7      | Noticed a wyvern
  5713 | D:7      | Killed a wyvern
  5714 | D:7      | Reached XP level 9. HP: 60/69 MP: 9/17
  5775 | D:7      | Offered knowledge of Poisonous Vapours by Vehumet.
  5776 | D:7      | Reached skill level 8 in Ice Magic
  5786 | D:7      | Reached ** piety under Vehumet
  5892 | D:7      | Noticed a kobold demonologist
  5893 | D:7      | Noticed a sun demon
  5901 | D:7      | HP: 1/71 [sun demon[a kobold demonologist] (13)]
  5902 | D:7      | Demolished by a sun demon

Illustrated notes

Levels and vault maps discovered:
D:1:      amcnicky_arrival_gap_in_the_tavern_cellar, layout_rooms,
          chequers_serial_rivers_micro_d
D:2:      layout_basic
D:3:      layout_basic, gammafunk_temple_of_torment
D:4:      minmay_skewed_foursquare, layout_gridville, minmay_temple_entry_glass,
          uniq_grinder
D:5:      layout_gridville
D:6:      layout_basic, dk_xom_monty_hall, mrwooster_statue_mirror,
          kennysheep_generic_room_6, uniq_crazy_yiuf_cottage,
          uniq_prince_ribbit1
D:7:      layout_rooms, lemuel_round_altar,
          nicolae_concentric_dashed_squares_wild, minmay_joined_circles
Temple:   nicolae_temple_bog_church

Skill      XL: |  1  2  3  4  5  6  7  8  9 |
---------------+----------------------------+-----
Fighting       | 1 2 3 4 6 |  6.7
Dodging        | 3 4 |  4.0
Shields        | 1 2 3 4 |  4.0
Ice Magic      | 5 6 7 8 |  8.3
Spellcasting   | 3 4 5 6 |  6.1
Stealth        | |  2.1

Action                     |  1- 3 |  4- 6 |  7- 9 || total
---------------------------+-------+-------+-------++-------
  Melee: Unarmed           |     6 |       |       ||     6
         Long sword        |   101 |    63 |   108 ||   272
   Cast: Freeze            |    12 |    17 |    60 ||    89
         Frozen Ramparts   |     1 |     4 |    14 ||    19
         Ozocubu's Armour  |       |     2 |    10 ||    12
    Use: Scroll            |       |       |     5 ||     5
   Stab: Sleeping          |     3 |     1 |     1 ||     5
 Armour: Robe              |    21 |    22 |    25 ||    68
  Dodge: Dodged            |   109 |    82 |   172 ||   363
  Block: Buckler           |    29 |    21 |    43 ||    93
